 Dungeon Crawl Stone Soup version 0.30-a0-779-g7971cf19c3 (webtiles) character file.

Game seed: 10515579642579905929

253 DEFE the Twirler (level 5, 0/38 HPs)
             Began as a Demonspawn Wanderer on Feb 17, 2023.
             Slain by Grinder (4 damage)
             ... on level 4 of the Dungeon.
             The game lasted 00:03:19 (3100 turns).

DEFE the Twirler (Demonspawn Wanderer)              Turns: 3100, Time: 00:03:20

Health: 0/38       AC: 15    Str: 11    XL:     5   Next: 90%
Magic:  5/5        EV:  2    Int: 10    God:
Gold:   145        SH:  5    Dex: 19    Spells: 4/4 levels left

rFire   . . .      SeeInvis +    a - +2 quarterstaff
rCold   . . .      Faith    .    (shield currently unavailable)
rNeg    . . .      Spirit   .    D - +0 plate armour
rPois   .          Reflect  +    (no helmet)
rElec   .          Harm     .    k - +0 cloak
rCorr   .          Rampage  .    c - +0 pair of gloves
Will    .....                    w - +0 pair of boots Stlth
                                 p - amulet of reflection
HPRegen 0.26/turn                f - ring of see invisible
MPRegen 0.09/turn                (no ring)

@: no status effects
A: rugged brown scales 2
a: no special abilities


You were on level 4 of the Dungeon.
You visited 1 branch of the dungeon, and saw 4 of its levels.

You collected 288 gold pieces.
You spent 143 gold pieces at shops.

Inventory:

Hand Weapons
 a - a +2 quarterstaff (weapon)
Missiles
 B - 2 throwing nets (quivered)
Armour
 c - a +0 pair of gloves (worn)
 i - a +0 chain mail
 k - a +0 cloak (worn)
 w - a +0 pair of boots (worn)
 D - a +0 plate armour (worn)
Jewellery
 f - a ring of see invisible (left hand)
 p - an amulet of reflection (around neck)
 s - an amulet of guardian spirit
 v - the ring of Qoru {Fly rElec Will+++ Str-2 Dex-5}
   (You found it on level 2 of the Dungeon)

   [ring of flight]

   Str:       It affects your strength (-2).
   Dex:       It affects your dexterity (-5).
   rElec:     It insulates you from electricity.
   Fly:       It grants you flight.
   Will:      It greatly increases your willpower.
Scrolls
 h - a scroll of enchant armour {unknown}
 j - 2 scrolls of teleportation
 l - 3 scrolls of identify {unknown}
 m - 4 scrolls of noise {unknown}
 o - a scroll of enchant weapon {unknown}
 q - 2 scrolls of silence {unknown}
 u - a scroll of fear {unknown}
 x - a scroll of poison {unknown}
 y - a scroll of immolation {unknown}
 A - 3 scrolls of amnesia {unknown}
 C - a scroll of blinking {unknown}
Potions
 b - 4 potions of lignification
 d - a potion of mutation
 e - 2 potions of resistance {unknown}
 g - a potion of degeneration {unknown}
 n - 3 potions of curing
 r - a potion of invisibility {unknown}
 t - 2 potions of brilliance
 z - a potion of haste


   Skills:
 - Level 1.0 Fighting
 + Level 6.1 Staves
 - Level 1.0 Throwing
 - Level 1.0 Armour
 - Level 1.7 Dodging
 - Level 2.0 Evocations


You had 4 spell levels left.
You didn't know any spells.
Your spell library contained the following spells:

 Spells                   Type           Power      Damage    Failure   Level
 Magic Dart               Conj           0%         1d3       100%        1
 Slow                     Hex            0%         N/A       100%        1
 Call Imp                 Summ           0%         N/A       100%        2
 Confusing Touch          Hex            0%         N/A       100%        3
 Ignite Poison            Fire/Tmut/Pois 0%         N/A       100%        3
 Mephitic Cloud           Conj/Pois/Air  0%         N/A       100%        3
 Vampiric Draining        Necr           0%         2d6       100%        3
 Leda's Liquefaction      Hex/Erth       0%         N/A       100%        4
 Sticky Flame             Conj/Fire      0%         2d3       100%        4
 Lee's Rapid Deconstruct  Erth           0%         3d4*      100%        5
 Statue Form              Tmut/Erth      0%         N/A       100%        6
 Ignition                 Fire           0%         3d3       100%        8


Dungeon Overview and Level Annotations

Branches:
Dungeon (4/15)
 Temple: D:4-7

Altars:
Ru

Shops:
D:4 !

Annotations:
D:4 Grinder


Innate Abilities, Weirdness & Mutations

You are mostly covered in rugged brown scales. (AC +2, +5% HP)


Message History

You hit the gnoll. The ball python barely misses you.
The ball python grabs you. The ball python constricts you.
The gnoll hits you with a +0 flail! The gnoll hits you but does no damage.
You block the ball python's attack. The ball python constricts you.
You take 11 damage, and have 17/38 hp.
MASSIVE DAMAGE!!
As you read the scroll of teleportation, it crumbles to dust.
You feel strangely unstable.
The gnoll hits you but does no damage. x2; You block the gnoll's attack.
The ball python bites you but does no damage.
The ball python constricts you.
You thump the gnoll!
You kill the gnoll!
The gnoll hits you but does no damage. x2
The ball python bites you but does no damage.
The ball python constricts you.
Unknown command.
Unknown command.
You hit the gnoll.
The gnoll hits you from afar with a +0 spear.
You block the ball python's attack. The ball python constricts you.
The gnoll hits you but does no damage.
You take 2 damage, and have 15/38 hp.
Unknown command.
You hit the gnoll.
Your surroundings suddenly seem different.
Something loses its grip on you. Grinder hits you but does no damage.
Unknown command.
You hit Grinder. Grinder hits you.
* * * LOW HITPOINT WARNING * * *
You writhe in agony.
* * * LOW HITPOINT WARNING * * *
You take 10 damage, and have 5/38 hp.
MASSIVE DAMAGE!!
You barely miss Grinder. Grinder hits you.
* * * LOW HITPOINT WARNING * * *
You writhe in agony.
You die...

#.# #.......##.###.#
###)###.......##.#...#
#.............##.#.#.#
##.###.#.......##.#.#.# #..#
#.#.##.#####.....# #..###......#
###.### ######### #......#.####
#.### #.......# #.#....5.# #.#..
#.#####.# #.....@.###########....
#.#####.#######...............#..
#.##..............###.#######.#..
#.##.#..#..#.##.### #.# #.....
<....#..#..#.##.# ##.## #..#.#
#.......#....##.# #...# #.....
######.###.#.##.# #...# #..#..
#.###.#.##># #...# #..#..
#..........# #.†.# #..##.


You could see Grinder.

Vanquished Creatures
  A gnoll bouda (D:4)
  An iguana (D:4)
  10 gnolls
  4 adders
  A worm (D:3)
  4 dart slugs
  An orc (D:3)
  5 ball pythons
  5 endoplasms
  4 giant cockroaches
  6 goblins
  4 hobgoblins
  3 bats (D:2)
  A frilled lizard (D:2)
  5 kobolds
  6 rats
61 creatures vanquished.

Vanquished Creatures (others)
  A plant (D:1)
1 creature vanquished.

Grand Total: 62 creatures vanquished

Notes
Turn   | Place    | Note
-------+----------+-------------------------------------------
     0 | D:1      | DEFE the Demonspawn Wanderer began the quest for the Orb.
     0 | D:1      | DEFE set off with the following items: a +2 quarterstaff, a
                  | potion of lignification, a +0 pair of gloves, a potion of
                  | mutation, a +0 robe.
     0 | D:1      | Reached XP level 1. HP: 15/15 MP: 1/1
   145 | D:1      | Reached skill level 3 in Staves
   145 | D:1      | Gained mutation: You are partially covered in rugged brown
                  | scales. (AC +1, +3% HP) [demonic ancestry]
   145 | D:1      | Reached XP level 2. HP: 10/21 MP: 2/2
   683 | D:1      | Gained mutation: You are mostly covered in rugged brown
                  | scales. (AC +2, +5% HP) [demonic ancestry]
   683 | D:1      | Reached XP level 3. HP: 21/27 MP: 3/3
  1024 | D:2      | Reached skill level 4 in Staves
  1561 | D:2      | Identified the ring of Qoru {Fly rElec Will+++ Str-2 Dex-5}
  1592 | D:2      | Reached XP level 4. HP: 27/33 MP: 4/4
  2208 | D:3      | Reached skill level 5 in Staves
  2256 | D:3      | You fall into a shaft and drop 1 floor!
  2256 | D:4      | Found Wotsu's Distillery.
  2262 | D:4      | Bought a potion of lignification for 33 gold pieces
  2262 | D:4      | Bought 2 potions of curing for 66 gold pieces
  2262 | D:4      | Bought a potion of brilliance for 44 gold pieces
  2443 | D:3      | Found a faded altar of an unknown god.
  2706 | D:3      | Found a sacrificial altar of Ru.
  2737 | D:4      | Noticed Grinder
  2869 | D:4      | Reached XP level 5. HP: 38/38 MP: 5/5
  3088 | D:4      | Reached skill level 6 in Staves
  3100 | D:4      | Slain by Grinder

Illustrated notes

Levels and vault maps discovered:
D:1:      elethiomel_arrival_infinity_welcomes_careful_drivers,
          layout_loops_cross, chequers_serial_rivers_small_a,
          nicolae_grassy_gnolls
D:2:      layout_loops_ring, serial_co_window_serial, co_window_paths_b,
          co_window_of_opportunity_a, co_window_of_opportunity_a,
          co_window_paths_b, co_window_corner_a, co_window_corner_a,
          co_window_unsneaky_path_e, co_window_corner_b,
          co_window_of_opportunity_b, co_window_broadway_b, co_window_paths_d,
          glass_columns_a, glass_columns_a, glass_columns_a, glass_columns_b
D:3:      layout_rooms, zin_academy, nicolae_ru_the_path_less_chosen,
          shapermc_ecumenical_altar_ellora, glass_columns_a
D:4:      layout_loops_cross, serial_shops, nicolae_lakefront_shop, hex_large,
          uniq_grinder

Skill      XL: |  1  2  3  4  5 |
---------------+----------------+-----
Staves         | 3 4 5 6 |  6.1
Fighting       | |  1.0
Throwing       | |  1.0
Armour         | |  1.0
Dodging        | |  1.7
Evocations     | |  2.0

Action                     |  1- 3 |  4- 6 || total
---------------------------+-------+-------++-------
  Melee: Quarterstaff      |    98 |    91 ||   189
    Use: Scroll            |       |     2 ||     2
   Stab: Sleeping          |     2 |       ||     2
 Armour: Robe              |     4 |       ||     4
         Chain mail        |    55 |    35 ||    90
         Plate armour      |       |    15 ||    15
  Dodge: Dodged            |    29 |    19 ||    48
  Block: Other             |    10 |    20 ||    30

Table legend: (Time is in decaauts)
 A = Elapsed time spent in this place.
 B = Non-inter-level travel time spent in this place.
 C = Inter-level travel time spent in this place.
 D = Time resting spent in this place.
 E = Time spent auto-exploring this place.
 F = Levels seen in this place.
 G = Mean time per level.
                   A        B        C        D        E       F      G
               +--------+--------+--------+--------+--------+-----+--------+
         Total |   3115 |   3016 |     99 |    119 |   2351 |   4 |  778.8 |
       Dungeon |   3115 |   3016 |     99 |    119 |   2351 |   4 |  778.8 |
               +--------+--------+--------+--------+--------+-----+--------+

Top non-repeatable levels by time:
     D:2: 1128 daAuts
     D:1: 1011 daAuts
     D:3: 559 daAuts
     D:4: 416 daAuts
